 Dungeon Crawl Stone Soup version 0.27-a0-1595-g0b823d0a13 (webtiles) character file.

Game seed: 1405571956761762096

45 robertstho the Skirmisher (level 3, -7/20 HPs)
             Began as a Vine Stalker Fighter on July 20, 2021.
             Killed by nerve-wracking pain
             ... invoked by a shadow imp
             ... summoned by Natasha
              (13 damage)
             ... on level 2 of the Dungeon.
             The game lasted 00:01:51 (1378 turns).

robertstho the Skirmisher (Vine Stalker Fighter)    Turns: 1378, Time: 00:01:52

Health: -7/20      AC:  6    Str: 19    XL:     3   Next: 64%
Magic:  0/4        EV:  7    Int:  8    God:
Gold:   23         SH:  9    Dex: 13    Spells: 2/2 levels left

rFire    . . .     SeeInvis .   a - +0 war axe
rCold    . . .     Faith    .   c - +0 kite shield
rNeg     . . .     Spirit   +   b - +0 scale mail
rPois    .         Reflect  .   (no helmet)
rElec    .         Harm     .   (no cloak)
rCorr    .         Rampage  .   (no gloves)
Will     .....                  (no boots)
Stlth    ..........             (no amulet)
HPRegen  0.06/turn              (no ring)
MPRegen  0.09/turn              (no ring)

@: no status effects
A: fangs 2, magic shield, antimagic bite, no potion heal 2
a: no special abilities


You were on level 2 of the Dungeon.
You visited 1 branch of the dungeon, and saw 2 of its levels.

You collected 23 gold pieces.

Inventory:

Hand Weapons
 a - a +0 war axe (weapon)
Armour
 b - a +0 scale mail (worn)
 c - a +0 kite shield (worn)


   Skills:
 * Level 3.1 Fighting
 + Level 2.1 Axes
 * Level 2.8 Armour
 + Level 0.1 Dodging
 * Level 1.8 Stealth
 + Level 2.7 Shields


You had 2 spell levels left.
You didn't know any spells.
Your spell library contained the following spells:

 Spells                   Type           Power      Damage    Failure   Level
 Stone Arrow              Conj/Erth      0%         3d7       100%        3
 Bolt of Magma            Conj/Fire/Erth 0%         4d4       100%        5
 Shatter                  Erth           0%         3d5*      100%        9


Dungeon Overview and Level Annotations

Branches:
Dungeon (2/15)

Altars:

Annotations:
D:2 Natasha, Terence


Innate Abilities, Weirdness & Mutations

You have extremely sharp teeth.
When hurt, damage is shared between your health and your magic reserves.
Your bite disrupts and absorbs the magic of your enemies.
Potions cannot restore your health.


Message History

Natasha casts a spell at you. You resist with some effort.
You closely miss Natasha. Your bite misses Natasha. Natasha barely misses you.
You block Natasha's attack.
You barely miss Natasha. Your bite misses Natasha. Natasha claws you. x2
You miss Natasha. You block Natasha's attack.
You aren't carrying any potions.
You aren't carrying any scrolls.
Natasha completely misses you.
You see here a scroll labelled APTAWN DORO.
Blink to where?
Press: ? - help, Dir - move target
As you read the scroll labelled APTAWN DORO, it crumbles to dust.
It was a scroll of blinking.
Natasha mumbles some strange words.
Natasha mumbles some strange words.
Really stalk into that dispersal trap?
You enter a dispersal trap!
Terence blinks!
The shadow imp blinks!
Terence blinks!
You blink.
Terence rages.
Natasha casts a spell.
Found a stone staircase leading down.
Terence enters a dispersal trap!
The shadow imp blinks!
Natasha blinks!
The shadow imp blinks!
You blink.
Terence blinks!
Natasha casts a spell at you. You resist with some effort.
The shadow imp hits you.
Terence enters a dispersal trap!
Natasha blinks! x2; The shadow imp blinks!
You blink.
Terence blinks!
Really stalk into that dispersal trap?
You enter a dispersal trap!
The shadow imp blinks!
Natasha blinks!
Terence blinks!
The shadow imp blinks! x2; Terence blinks!
You blink.
You block Terence's attack. Terence hits you with a +0 mace. x2
* * * LOW HITPOINT WARNING * * *
Natasha enters a dispersal trap!
The shadow imp blinks!
Terence blinks!
The shadow imp blinks!
You blink.
Natasha blinks!
The shadow imp gestures at you. Pain shoots through your body!
Ouch! That really hurt!
You die...

###### .....#
######### ...#.#
#.......#
.#.#5###§#§..#.###
.#...h.5§....§.5@#
.###.###.#...#.#.##
.###.#
#.##.##@...##
.....#
....5......##
..####
#####......5# ...#
## ##.§§..## ..##
... ##.h§##
.###.... ##..#
........ ##.#


You could see Natasha and 2 shadow imps.

Vanquished Creatures
  A worm (D:2)
  2 dart slugs (D:1)
  5 ball pythons
  2 bats (D:1)
  An endoplasm (D:1)
  2 giant cockroaches (D:1)
  4 hobgoblins
  8 jackals (D:1)
  4 kobolds (D:1)
  2 frilled lizards (D:1)
  4 rats (D:1)
35 creatures vanquished.

Notes
Turn   | Place    | Note
-------+----------+-------------------------------------------
     0 | D:1      | robertstho the Vine Stalker Fighter began the quest for the
                  | Orb.
     0 | D:1      | Reached XP level 1. HP: 11/11 MP: 2/2
    66 | D:1      | Reached skill level 3 in Fighting
   164 | D:1      | Reached XP level 2. HP: 16/16 MP: 1/3
   579 | D:1      | Reached skill level 1 in Stealth
   593 | D:1      | Reached XP level 3. HP: 7/20 MP: 4/4
  1355 | D:2      | Noticed Natasha
  1360 | D:2      | Noticed Terence
  1378 | D:2      | Killed from afar by a shadow imp

Illustrated notes

Levels and vault maps discovered:
D:1:      erik_arrival_triangle_small, layout_basic, st_stairs_13
D:2:      layout_loops_cross, kennysheep_generic_room_8, uniq_natasha,
          uniq_sigmund, uniq_terence

Skill      XL: |  1  2 |
---------------+-------+-----
Fighting       | 3 |  3.1
Stealth        | 1 |  1.8
Axes           | 2 |  2.1
Armour         | |  2.8
Dodging        | |  0.1
Shields        | |  2.7

Action                   || total
-------------------------++-------
Melee: War axe           ||    93
       Bite              ||    15
  Use: Potion            ||     1
       Scroll            ||     1
Armor: Scale mail        ||    37
Dodge: Dodged            ||    27
Block: Kite shield       ||    58

Table legend: (Time is in decaauts)
 A = Elapsed time spent in this place.
 B = Non-inter-level travel time spent in this place.
 C = Inter-level travel time spent in this place.
 D = Time resting spent in this place.
 E = Time spent auto-exploring this place.
 F = Levels seen in this place.
 G = Mean time per level.
                   A        B        C        D        E       F      G
               +--------+--------+--------+--------+--------+-----+--------+
         Total |   1438 |   1412 |     26 |    209 |    949 |   2 |  719.0 |
       Dungeon |   1438 |   1412 |     26 |    209 |    949 |   2 |  719.0 |
               +--------+--------+--------+--------+--------+-----+--------+

Top non-repeatable levels by time:
     D:1: 1157 daAuts
     D:2: 280 daAuts
